 Dungeon Crawl Stone Soup version 0.24-a0-583-g87330a484a (webtiles) character file.

Game seed: 10499914932385527696, levelgen mode: deterministic

18 Gynju the Shield-Bearer (level 2, 0/24 HPs)
             Began as a Formicid Fighter on Aug 28, 2019.
             Succumbed to a goblin's poison
             ... on level 1 of the Dungeon.
             The game lasted 00:01:41 (283 turns).

Gynju the Shield-Bearer (Formicid Fighter)           Turns: 283, Time: 00:01:41

Health: 0/24       AC:  6    Str: 20    XL:     2   Next: 85%
Magic:  2/2        EV:  7    Int:  7    God:
Gold:   7          SH:  9    Dex: 10    Spells: 1/1 levels left

rFire    . . .     SeeInvis +   a - +0 war axe
rCold    . . .     Gourm    .   c - +0 shield
rNeg     . . .     Faith    .   b - +0 scale mail
rPois    .         Spirit   .   (helmet unavailable)
rElec    .         Reflect  .   (no cloak)
rCorr    .         Harm     .   (no gloves)
MR       .....                  (no boots)
Stlth    ..........             (no amulet)
HPRegen  0.08/turn              (no ring)
MPRegen  0.08/turn              (no ring)

@: lethally poisoned (0 -> -16)
A: permanent stasis, dig shafts and tunnels, four strong arms, antennae 3
a: Dig, Shaft Self


You were on level 1 of the Dungeon.
You were not hungry.

You visited 1 branch of the dungeon, and saw 1 of its levels.

You collected 7 gold pieces.

Inventory:

Hand Weapons
 a - a +0 war axe (weapon)
Armour
 b - a +0 scale mail (worn)
 c - a +0 shield (worn)
Potions
 d - a potion of might
Comestibles
 f - 2 rations


   Skills:
 + Level 3.5 Fighting
 + Level 2.3 Axes
 + Level 3.5 Armour
 + Level 3.9 Shields


You had one spell level left.
You didn't know any spells.
Your spell library was empty.

Dungeon Overview and Level Annotations

Branches:
Dungeon (1/15)

Altars:

Annotations:
D:1 1 runed translucent door


Innate Abilities, Weirdness & Mutations

You cannot be hasted, slowed, berserked, paralysed or teleported.
You can dig through walls and to a lower floor.
Your four strong arms can wield two-handed weapons with a shield.
You have a pair of large antennae on your head. (SInv)


Message History

There is a lethal amount of poison in your body!
There is a lethal amount of poison in your body!
There is a lethal amount of poison in your body!
There is a lethal amount of poison in your body!
Okay, then.
As you read the scroll labeled MUTIUD TAPSA, it crumbles to dust.
You feel blessed for a moment.
It was a scroll of remove curse.
* * * LOW HITPOINT WARNING * * *
You feel sick.
As you read the scroll labeled ZUEKHL XU RONUY, it crumbles to dust.
You feel a strange sense of stasis.
It was a scroll of teleportation.
* * * LOW HITPOINT WARNING * * *
You feel sick.
Okay, then.
There is a lethal amount of poison in your body!
* * * LOW HITPOINT WARNING * * *
You feel sick.
* * * LOW HITPOINT WARNING * * *
You feel sick.
You die...

... .. ##...
##..
.##...#...
..#.#.....
##..#.#.....
##(.##......
#.@##...#
#...)..# #
##..##.# #.#
#..####..#
#.#
#......##
#.# #####.##
#.# ##.# #.#
#..# #.#
#####.#####
#.#


There were no monsters in sight!

Vanquished Creatures
  An ooze (D:1)
  A dart slug (D:1)
  A leopard gecko (D:1)
  3 goblins (D:1)
  2 kobolds (D:1)
  3 bats (D:1)
11 creatures vanquished.

Notes
Turn   | Place    | Note
-------+----------+-------------------------------------------
     0 | D:1      | Gynju the Formicid Fighter began the quest for the Orb.
     0 | D:1      | Reached XP level 1. HP: 18/18 MP: 1/1
     1 | D:1      | Found a runed translucent door.
    61 | D:1      | Reached XP level 2. HP: 22/24 MP: 2/2
   282 | D:1      | HP: 1/24 [poisoned by a goblin]
   283 | D:1      | Succumbed to a goblin's poison

Levels and vault maps discovered:
D:1:      dpeg_arrival_caged_fury, layout_loops_corners, minmay_close_crescents

Action                   || total
-------------------------++-------
Melee: War axe           ||    33
  Use: Scroll            ||     2
Armor: Scale mail        ||    15
Dodge: Dodged            ||    10
Block: Shield            ||    24

Table legend:
 A = Non-vault XP
 B = Vault XP
 C = Vault XP percentage of total XP
 D = Non-vault monster count
 E = Vault monster count
 F = Vault count percentage of total count
                 A         B        C        D         E       F
            +---------+---------+-------+---------+---------+-------
      Total |      14 |      12 |  46.2 |       6 |       5 |  45.5
            +---------+---------+-------+---------+---------+-------
        D:1 |      14 |      12 |  46.2 |       6 |       5 |  45.5
            +---------+---------+-------+---------+---------+-------
